 Dungeon Crawl Stone Soup version 0.31-a0-1591-g515db51633 (webtiles) character file.

Game seed: 4639581021051051865

4 monsoonserge the Caller (level 1, 0/13 HPs)
             Began as a Barachi Summoner on Jan 7, 2024.
             Slain by a jackal (3 damage)
             ... on level 1 of the Dungeon.
             The game lasted 00:00:56 (122 turns).

monsoonserge the Caller (Barachi Summoner)           Turns: 122, Time: 00:00:56

Health: 0/13       AC:  2    Str:  9    XL:     1   Next: 60%
Magic:  1/3        EV: 12    Int: 15    God:
Gold:   7          SH:  0    Dex: 12    Spells: 3/4 levels left

rFire   . . .        (no weapon)
rCold   . . .        (no shield)
rNeg    . . .        a - +0 robe
rPois   .            (no helmet)
rElec   .            (no cloak)
rCorr   .            (no gloves)
SInv    .            (no boots)
Will    .....        (no amulet)
Stlth   ++           (no ring)
HPRegen 0.22/turn    (no ring)
MPRegen 0.08/turn

%: no passive effects
@: slow
A: amphibious, slowness 1, strong legs 1, +LOS
a: Hop


You were on level 1 of the Dungeon.
You visited 1 branch of the dungeon, and saw 1 of its levels.

You collected 7 gold pieces.

Inventory:

Armour
 a - a +0 robe (worn)
Potions
 b - a potion of magic


   Skills:
 + Level 2.2 Dodging
 + Level 1.7 Stealth
 + Level 2.3 Spellcasting
 + Level 5.0 Summonings


You had 3 spell levels left.
You knew the following spells:

 Your Spells              Type           Power      Damage    Failure   Level
a - Summon Small Mammal   Summ           64%        N/A       2%          1

Your spell library contained the following spells:

 Spells                   Type           Power      Damage    Failure   Level
 Call Imp                 Summ           32%        N/A       4%          2
 Call Canine Familiar     Summ           16%        N/A       9%          3
 Summon Blazeheart Golem  Fire/Summ      9%         N/A       58%         4
 Summon Lightning Spire   Summ/Air       9%         N/A       58%         4


Dungeon Overview and Level Annotations

Branches:
Dungeon (1/15)

Altars:


Innate Abilities, Weirdness & Mutations

You are amphibious.
You cover ground slowly.
You can hop short distances.
You have an extended range of vision and can be seen from far away.


Message History

You swap places.
Your bat hits the jackal but does no damage.
Your bat hits the jackal.
Your bat closely misses the jackal.
The jackal pauses to sniff the ground.
The jackal misses your bat. The goblin barely misses your bat.
The jackal closely misses you.
Your bat hits the goblin.
Unknown command.
You hit the jackal but do no damage.
Your bat closely misses the jackal.
Your bat hits the jackal.
The jackal bites you but does no damage.
Your bat misses the ball python. The jackal closely misses you.
The jackal misses you.
Unknown command.
You closely miss the goblin.
The goblin is heavily wounded.
Your bat closely misses the ball python.
Your bat barely misses the goblin.
The goblin hits you but does no damage. The jackal bites you.
The jackal closely misses you.
You hit the goblin but do no damage.
The goblin is heavily wounded.
Your bat barely misses the jackal.
Your bat barely misses the goblin.
The jackal bites you. The goblin misses you.
The goblin hits you with a +0 dagger. The jackal bites you.
* * * LOW HITPOINT WARNING * * *
Your bat closely misses the goblin.
The jackal closely misses you.
The ball python closely misses your bat. x2
Okay, then.
You hit the goblin but do no damage.
The goblin is heavily wounded.
Your bat hits the goblin. Your bat misses the jackal. Your bat hits the goblin.
The jackal misses you.
The goblin hits your bat but does no damage.
The goblin barely misses you.
Your bat hits the goblin.
The goblin dies!
The jackal barely misses you. x2
You swap places.
Your bat closely misses the jackal.
Your bat misses the jackal. x2; The jackal misses your bat.
Your bat misses the ball python. The goblin misses your bat.
The jackal attacks as it pursues you! The jackal bites you.
You die...

#.#.#.. #.#.#........
#####.#..........
#.......#........ #
#.......#........ #.#
#.......#.......
##...###g......#......
........hb.........# #
.......?.S@........# #.
....$.b..h.........# #.
...................# ♣
.............♣.....#
.............♣♣P...###
.............♣♣.†.P..##
......$.###.P.♣♣...♣..###
........
#...♣P...♣P..##.#
........
##...P.P♣♣P...#..


You could see 2 jackals, a goblin, a ball python and 2 friendly bats.

Vanquished Creatures (collateral kills)
  A goblin (D:1)
  A hobgoblin (D:1)
  A frilled lizard (D:1)
  A rat (D:1)
4 creatures vanquished.

Notes
Turn   | Place    | Note
-------+----------+-------------------------------------------
     0 | D:1      | monsoonserge the Barachi Summoner began the quest for the
                  | Orb.
     0 | D:1      | Reached XP level 1. HP: 13/13 MP: 3/3
   100 | D:1      | Reached skill level 5 in Summonings
   122 | D:1      | Slain by a jackal

Illustrated notes

Levels and vault maps discovered:
D:1:      scummos_arrival_simple_fountains, layout_basic, serial_forest,
          infiniplex_forest_pool, infiniplex_forest_zigzag_2,
          infiniplex_forest_lined_corner, infiniplex_forest_zigzag_1,
          infiniplex_forest_clump_long, infiniplex_forest_end_1,
          infiniplex_forest_clump_double

Skill      XL: |  1 |
---------------+----+-----
Summonings     | 5 |  5.0
Dodging        | |  2.2
Stealth        | |  1.7
Spellcasting   | |  2.3

Action                     || total
---------------------------++-------
  Melee: Unarmed           ||    26
   Cast: Summon Small Mamm ||     6
 Armour: Robe              ||    19
  Dodge: Dodged            ||    26

Table legend: (Time is in decaauts)
 A = Elapsed time spent in this place.
 B = Non-inter-level travel time spent in this place.
 C = Inter-level travel time spent in this place.
 D = Time resting spent in this place.
 E = Time spent auto-exploring this place.
 F = Levels seen in this place.
 G = Mean time per level.
                   A        B        C        D        E       F      G
               +--------+--------+--------+--------+--------+-----+--------+
         Total |    133 |    133 |      0 |     28 |      1 |   1 |  133.0 |
       Dungeon |    133 |    133 |      0 |     28 |      1 |   1 |  133.0 |
               +--------+--------+--------+--------+--------+-----+--------+

Top non-repeatable levels by time:
     D:1: 133 daAuts
